 Dungeon Crawl Stone Soup version 0.31-a0-618-g7ca08c1ff9 (webtiles) character file.

Game seed: 8741717600111301468

55 thirtiethelement the Trooper (level 3, 0/29 HPs)
             Began as a Demonspawn Cinder Acolyte on Aug 22, 2023.
             Was a High Priest of Ignis.
             Slain by a goblin
             ... wielding a +0 club
             ... led by Robin
              (3 damage)
             ... on level 1 of the Dungeon.
             The game lasted 00:02:54 (1339 turns).

thirtiethelement the Trooper (DsCA)                 Turns: 1339, Time: 00:02:55

Health: 0/29       AC:  6    Str: 14    XL:     3   Next: 67%
Magic:  2/5        EV: 11    Int: 17    God:    Ignis [*****.]
Gold:   116        SH:  0    Dex:  8    Spells: 3/5 levels left

rFire   + . .        a - -1 hand axe (flame)
rCold   . . .        (no shield)
rNeg    . . .        b - +0 robe
rPois   .            j - +0 helmet
rElec   .            (no cloak)
rCorr   .            (no gloves)
SInv    .            h - +0 pair of boots
Will    .....        c - amulet of regeneration
Stlth   +            (no ring)
HPRegen 1.04/turn    (no ring)
MPRegen 0.09/turn

%: no passive effects
@: lethally poisoned (0 -> -1)
A: yellow scales 1
a: Renounce Religion, Fiery Armour, Foxfire Swarm, Rising Flame


You were on level 1 of the Dungeon.
You worshipped Ignis.
Ignis was extremely pleased with you.
You visited 1 branch of the dungeon, and saw 2 of its levels.

You collected 116 gold pieces.

Inventory:

Hand Weapons
 a - a -1 hand axe of flaming (weapon)
Armour
 b - a +0 robe (worn)
 h - a +0 pair of boots (worn)
 j - a +0 helmet (worn)
Jewellery
 c - an amulet of regeneration (around neck)
 d - an amulet of reflection
Scrolls
 e - 4 scrolls of fear {unknown}
 i - 2 scrolls of identify {unknown}
Potions
 f - a potion of haste {unknown}
 g - a potion of ambrosia {unknown}
 k - a potion of degeneration {unknown}


   Skills:
 + Level 3.5 Fighting
 + Level 3.0 Axes
 + Level 0.4 Dodging
 + Level 0.2 Stealth
 + Level 1.5 Spellcasting
 + Level 3.2 Fire Magic


You had 3 spell levels left.
You knew the following spells:

 Your Spells              Type           Power      Damage    Failure   Level
a - Scorch                Fire           24%        2d6       9%          2

Your spell library contained the following spells:

 Spells                   Type           Power      Damage    Failure   Level


Dungeon Overview and Level Annotations

Branches:
Dungeon (2/15)

Altars:
Cheibriados

Annotations:
D:2 Natasha, Robin


Innate Abilities, Weirdness & Mutations

You are partially covered in yellow scales. (AC +2)


Message History

You barely miss the goblin. The goblin hits you but does no damage.
The goblin shoots a sling bullet.
The sling bullet hits you but does no damage.
You closely miss the goblin. The goblin hits you but does no damage.
The goblin shoots a sling bullet.
The sling bullet hits you.
A goblin comes into view. It is wielding a +0 club.
The goblin shouts!
Robin hits you with a +2 falchion of venom!
You are poisoned.
Natasha, Servant of Life and Death comes into view.
The goblin barely misses you.
You see here a +0 club.
A goblin comes into view. It is wielding a +0 club.
You feel very sick.
Robin roars a battlecry!
The goblins go into a battle-frenzy!
The goblin attacks as it pursues you! The goblin hits you but does no damage.
The goblin moves out of view.
There is a stone staircase leading up here.
You feel very sick. The goblin barely misses you.
The goblin shoots a sling bullet.
The sling bullet closely misses you.
Natasha mumbles some strange words.
You climb upwards.
You feel sick.
There is a stone staircase leading down here.
You closely miss the goblin. You miss the goblin.
You feel sick. The goblin hits you with a +0 club.
The goblin hits you with a +0 dagger of holy wrath.
* * * LOW HITPOINT WARNING * * *
You convulse.
* * * LOW HITPOINT WARNING * * *
The goblin hits you but does no damage.
The goblin hits you with a +0 dagger of holy wrath.
* * * LOW HITPOINT WARNING * * *
You convulse.
* * * LOW HITPOINT WARNING * * *
Activating: Foxfire Swarm
Press: ? - help, Dir - look around, f - activate Flames leap up around you!
You feel sick. The goblin hits you with a +0 club.
You die...

###############
#.............#
####.###########.#
.....# #.# ###### #.#
.....# ######v######
####.######...vgvvv...#
..............vg@vv...#
####.######...vvvvv...#
#.....##...vvvvv...#
#####.##...........#
#.##.##...........#
#....#########....#
#.####...#...#....# #.#
#.#.#.#.#....###
#.####.#.).#.###....#


You could see 2 goblins.

Vanquished Creatures
  Terence (D:2)
  A worm (D:2)
  2 endoplasms
  A giant cockroach (D:1)
  4 goblins
  A hobgoblin (D:1)
  4 jackals (D:1)
  A quokka (D:1)
  2 ball pythons (D:1)
  4 bats
  A frilled lizard (D:2)
  3 kobolds
  3 rats (D:1)
28 creatures vanquished.

Notes
Turn   | Place    | Note
-------+----------+-------------------------------------------
     0 | D:1      | thirtiethelement the Demonspawn Cinder Acolyte began the
                  | quest for the Orb.
     0 | D:1      | Reached XP level 1. HP: 18/18 MP: 2/2
   123 | D:1      | Gained mutation: You are partially covered in yellow
                  | scales. (AC +2) [demonic ancestry]
   123 | D:1      | Reached XP level 2. HP: 22/24 MP: 3/3
   126 | D:1      | Learned a level 2 spell: Scorch
  1148 | D:2      | Noticed Terence
  1160 | D:2      | Killed Terence
  1161 | D:2      | Reached XP level 3. HP: 11/29 MP: 0/5
  1231 | D:2      | Found a snail-covered altar of Cheibriados.
  1324 | D:2      | Noticed Robin
  1334 | D:2      | Noticed Natasha
  1339 | D:1      | Slain by a goblin

Illustrated notes

Levels and vault maps discovered:
D:1:      tarquinn_simple_flora_water_f, layout_basic, bh_walls_and_bars
D:2:      layout_loops_ring, basic_altar, kennysheep_path_1,
          lightli_corner_chamber, uniq_robin, uniq_terence, uniq_natasha

Skill      XL: |  1  2 |
---------------+-------+-----
Fire Magic     | 3 |  3.2
Axes           | 3 |  3.0
Fighting       | |  3.5
Dodging        | |  0.4
Stealth        | |  0.2
Spellcasting   | |  1.5

Action                     || total
---------------------------++-------
  Melee: Hand axe          ||    70
   Cast: Scorch            ||    15
 Invoke: Fiery Armour      ||     1
         Foxfire Swarm     ||     1
 Armour: Robe              ||    31
  Dodge: Dodged            ||    47

Table legend: (Time is in decaauts)
 A = Elapsed time spent in this place.
 B = Non-inter-level travel time spent in this place.
 C = Inter-level travel time spent in this place.
 D = Time resting spent in this place.
 E = Time spent auto-exploring this place.
 F = Levels seen in this place.
 G = Mean time per level.
                   A        B        C        D        E       F      G
               +--------+--------+--------+--------+--------+-----+--------+
         Total |   1350 |   1331 |     19 |      0 |   1113 |   2 |  675.0 |
       Dungeon |   1350 |   1331 |     19 |      0 |   1113 |   2 |  675.0 |
               +--------+--------+--------+--------+--------+-----+--------+

Top non-repeatable levels by time:
     D:1: 901 daAuts
     D:2: 448 daAuts
